Map: [ESL] Babylon

Players

MacSed - Winner!

  • Race: Protoss Protoss
  • Spawn Location: 11:00

Oriana

  • Race: Terran Terran
  • Spawn Location: 5:00

Event: ESL SC2 Masters 2023 Summer (Regionals)

VOD

Have the link to the VOD?

Description

Time

  • Played on: May 13, 2023, 7:42 a.m.
  • Length: 14:20

All games in this series

Show
View Real Time Build Order
Export as new Build Order

MacSed Protoss - Winner!

Build Orders: 1 Gate Expand, Phoenix Opening, Zealot Archon, Colossus Rush 

Get SALT Encoding   

  12  0:00  Probe  
  13  0:12  Probe  
  14  0:17  Pylon  
  14  0:24  Probe (Chrono Boost)  
  15  0:36  Probe (Chrono Boost), Gateway  
  16  0:44  Probe (Chrono Boost)  
  16  0:46  Assimilator  
  17  0:50  Probe  
  18  1:03  Probe  
  19  1:15  Probe  
  20  1:23  Cybernetics Core  
  20  1:32  Nexus  
  20  1:39  Pylon  
  20  1:42  Probe  
  21  1:48  Assimilator  
  21  1:54  Probe  
  21  1:56  Adept (Chrono Boost)  
  21  2:01  Warp Gate  
  24  2:06  Probe  
  25  2:17  Adept (Chrono Boost)  
  25  2:18  Probe  
  28  2:30  Probe  
  28  2:37  Stargate  
  29  2:40  Adept  
  32  2:44  Probe (Chrono Boost)  
  32  2:49  Probe (Chrono Boost)  
  33  2:54  Probe (Chrono Boost)  
  33  2:57  Probe (Chrono Boost)  
  35  2:59  Probe (Chrono Boost)  
  36  3:08  Probe, Robotics Facility  
  37  3:15  Probe  
  38  3:20  Probe  
  38  3:21  Phoenix  
  41  3:27  Probe  
  41  3:28  Assimilator  
  41  3:30  Assimilator  
  41  3:32  Probe  
  43  3:34  Pylon  
  43  3:39  Probe  
  44  3:44  Probe  
  45  3:51  Probe  
  45  3:52  Phoenix  
  45  3:53  Pylon  
  48  3:56  Probe, Observer (Chrono Boost)  
  48  4:02  Gateway  
  50  4:04  Probe  
  50  4:08  Probe  
  52  4:14  Immortal (Chrono Boost)  
  52  4:16  Probe  
  57  4:19  Robotics Bay  
  57  4:21  Probe  
  58  4:28  Probe, Phoenix  
  61  4:33  Probe  
  60  4:40  Probe  
  60  4:44  Pylon  
  61  4:45  Pylon  
  61  4:47  Pylon  
  61  5:02  Phoenix  
  61  5:03  Colossus (Chrono Boost)  
  69  5:09  Extended Thermal Lance  
  68  5:16  Nexus  
  68  5:22  Probe, Twilight Council  
  68  5:23  Probe  
  70  5:34  Probe  
  71  5:36  Gateway  
  71  5:38  Probe, Gateway  
  72  5:45  Shield Battery  
  72  5:46  Probe  
  73  5:52  Zealot x2  
  73  5:56  Probe  
  78  5:57  Shield Battery  
  78  6:01  Charge  
  78  6:05  Templar Archives  
  78  6:09  Colossus (Chrono Boost)  
  85  6:18  Probe  
  85  6:29  Phoenix, Pylon  
  85  6:31  Pylon  
  86  6:38  Nexus, Pylon  
  84  6:46  Pylon  
  84  6:47  Probe  
  84  6:51  Probe  
  59  6:54  Phoenix  
  86  6:56  Sentry, Colossus (Chrono Boost)  
  96  7:01  Probe  
  96  7:05  Probe  
  98  7:10  Gateway  
  98  7:13  Probe, Pylon  
  99  7:19  Phoenix  
  101  7:23  Pylon  
  101  7:24  High Templar  
  101  7:25  High Templar  
  101  7:29  Probe x2  
  107  7:32  Archon  
  107  7:36  Pylon  
  103  7:41  Probe x2  
  103  7:42  Forge  
  101  7:53  Probe x2  
  101  7:55  Phoenix  
  101  7:57  Gateway  
  105  7:59  Gateway  
  105  8:01  Gateway  
  105  8:04  High Templar x2, Zealot x2  
  105  8:05  Zealot  
  115  8:09  Archon  
  115  8:12  Probe  
  116  8:13  Protoss Ground Armor Level 1 (Chrono Boost), Warp Prism (Chrono Boost)  
  116  8:19  Probe x2  
  120  8:20  Assimilator  
  120  8:21  Assimilator  
  120  8:23  Phoenix  
  120  8:26  Probe  
  123  8:28  Shield Battery  
  123  8:34  Robotics Facility  
  123  8:40  Zealot x2  
  123  8:41  Zealot  
  129  8:45  Disruptor  
  129  8:47  Probe  
  133  8:48  Probe  
  134  8:56  Phoenix  
  136  9:07  Shield Battery  
  136  9:17  Pylon  
  134  9:20  Disruptor  
  135  9:25  Zealot x7  
  135  9:26  Nexus  
  135  9:27  Pylon  
  149  9:36  Disruptor  
  152  9:41  Pylon  
  152  9:45  Phoenix  
  154  9:52  Forge  
  154  9:54  Pylon  
  154  9:56  Disruptor  
  157  10:10  Phoenix  
  157  10:13  Disruptor  
  162  10:19  Zealot x6  
  162  10:20  Zealot x2  
  172  10:35  Phoenix  
  158  10:39  Zealot x2  
  158  10:40  Zealot x6  
  168  10:45  Probe x3  
  168  10:46  Probe  
  166  10:51  Disruptor  
  170  10:57  Probe x3  
  170  10:58  Disruptor  
  170  11:00  Phoenix  
  177  11:05  Pylon  
  177  11:06  Photon Cannon  
  177  11:13  High Templar x4  
  177  11:17  Pylon  
  185  11:18  Pylon  
  185  11:20  Archon x2  
  185  11:24  Forge  
  185  11:27  Disruptor  
  188  11:34  Disruptor  
  191  11:40  Probe  
  191  11:41  Photon Cannon  
  191  11:43  Shield Battery  
  191  11:45  Stalker x3  
  198  11:49  Blink  
  196  11:54  Protoss Ground Armor Level 2 (Chrono Boost)  
  194  12:03  Protoss Ground Weapons Level 1  
  194  12:07  Zealot x2  
  194  12:08  Zealot x3  
  200  12:13  Zealot x3  
  198  12:21  Pylon  
  181  12:26  Zealot  
  159  12:34  Zealot x6  
  159  12:35  Zealot  
  162  12:38  Probe x2  
  156  12:48  Phoenix  
  149  12:59  Warp Prism  
  149  13:02  Stalker x6  
  163  13:09  Pylon  
  163  13:11  Pylon  
  163  13:13  Phoenix, Pylon  
  163  13:15  Pylon  
  151  13:29  Disruptor  
  151  13:32  Zealot x6  
  166  13:38  Phoenix  
  165  13:49  Stalker x2  
  143  14:11  Stalker x6  
Show
View Real Time Build Order
Export as new Build Order

Oriana Terran 

Build Orders: Reaper Expand 

Get SALT Encoding   

  12  0:00  SCV  
  13  0:12  SCV  
  14  0:17  Supply Depot  
  14  0:24  SCV  
  15  0:38  SCV  
  15  0:40  Barracks  
  16  0:44  Refinery  
  16  0:50  SCV  
  17  1:03  SCV  
  18  1:15  SCV  
  19  1:27  Reaper  
  19  1:28  Orbital Command  
  20  1:42  Command Center  
  20  1:49  Supply Depot  
  20  1:54  SCV  
  20  1:59  Marine  
  22  2:06  SCV  
  23  2:10  Factory  
  23  2:17  Bunker  
  23  2:20  SCV  
  24  2:22  Barracks Reactor  
  24  2:27  Refinery  
  24  2:32  SCV  
  25  2:42  Barracks  
  25  2:44  SCV  
  26  2:55  Orbital Command  
  26  3:00  Factory Tech Lab  
  26  3:01  Marine  
  26  3:03  SCV  
  28  3:09  Marine  
  29  3:16  SCV  
  29  3:19  Cyclone  
  33  3:21  SCV  
  34  3:27  Marine  
  34  3:28  SCV  
  34  3:30  Marine, Barracks Tech Lab  
  37  3:36  SCV  
  37  3:39  Supply Depot  
  37  3:40  SCV  
  39  3:46  Marine  
  40  3:52  SCV  
  40  3:53  SCV  
  40  3:55  Stimpack, Marine  
  41  3:59  Barracks  
  42  4:04  Marine, SCV  
  42  4:06  Supply Depot  
  44  4:10  Starport  
  44  4:12  SCV  
  44  4:14  Marine, Factory Reactor  
  46  4:18  SCV  
  46  4:23  Marine x2, Supply Depot  
  49  4:27  SCV  
  50  4:32  SCV  
  50  4:35  Marine  
  52  4:39  SCV  
  52  4:40  Engineering Bay, Refinery  
  52  4:45  SCV  
  54  4:46  Marine x2, Supply Depot  
  54  4:47  Combat Shield  
  54  4:48  Marine  
  54  4:51  SCV  
  58  4:58  Marine  
  58  4:59  SCV  
  60  5:02  Supply Depot  
  60  5:03  SCV  
  61  5:09  Medivac x2, Supply Depot  
  61  5:11  Factory Tech Lab  
  61  5:13  Terran Infantry Weapons Level 1  
  65  5:14  Refinery  
  65  5:15  SCV x2  
  65  5:18  Marine x2  
  69  5:22  Marauder  
  69  5:25  Marauder  
  73  5:31  SCV x2  
  75  5:36  Concussive Shells  
  75  5:41  Marine x2  
  77  5:44  Supply Depot  
  77  5:45  Marauder  
  77  5:49  Marauder, Siege Tank  
  84  5:53  Supply Depot  
  86  5:58  SCV x2  
  86  6:00  Marine x2  
  86  6:04  Medivac x2  
  92  6:08  Marauder  
  94  6:12  Marauder  
  92  6:20  Marine  
  92  6:21  Marine  
  92  6:24  SCV x2  
  96  6:29  Siege Tank  
  98  6:37  Marauder x2  
  102  6:44  Marine x2  
  103  6:57  Supply Depot  
  103  6:58  Marauder, Command Center  
  103  6:59  Marauder  
  103  7:00  Barracks  
  107  7:01  Barracks  
  107  7:02  Siege Tank  
  110  7:08  Missile Turret  
  110  7:13  Supply Depot  
  110  7:18  Marine, Terran Infantry Armor Level 1  
  111  7:24  Missile Turret  
  111  7:27  SCV x2  
  113  7:32  Marauder x2  
  117  7:38  Viking  
  117  7:42  Viking  
  121  7:46  Marine x2  
  123  7:52  Barracks Reactor, Barracks Tech Lab  
  125  7:58  Marauder  
  125  7:59  Missile Turret  
  125  8:06  SCV  
  125  8:09  Marine x2, Siege Tank, SCV  
  125  8:10  Marauder  
  125  8:11  Orbital Command  
  134  8:14  Marauder  
  136  8:21  Supply Depot  
  136  8:23  Marauder  
  136  8:24  SCV x2  
  140  8:29  Armory, Marine  
  140  8:30  Engineering Bay  
  141  8:42  Marine x3, SCV x3  
  141  8:43  Marauder, Refinery  
  141  8:44  Supply Depot  
  149  8:56  Supply Depot  
  149  8:58  Supply Depot  
  149  9:01  Marine  
  149  9:03  Marine, SCV  
  149  9:04  SCV  
  149  9:05  Marine x3  
  149  9:06  Marauder  
  149  9:07  SCV  
  148  9:15  SCV  
  148  9:16  SCV  
  149  9:18  Terran Infantry Weapons Level 2  
  149  9:19  SCV  
  149  9:20  Terran Infantry Armor Level 2  
  150  9:27  Refinery  
  150  9:28  SCV x2  
  152  9:32  Bunker  
  152  9:33  Supply Depot  
  152  9:39  Ghost Academy  
  152  9:40  SCV x3  
  152  9:44  Command Center  
  152  9:45  Marauder x2  
  159  9:48  Marauder  
  161  9:54  Factory Reactor  
  161  9:59  Marine x4  
  165  10:04  Viking x2  
  167  10:13  Ghost x2  
  167  10:14  Ghost  
  172  10:26  Marine x2  
  172  10:27  Marine  
  161  10:37  Marine  
  161  10:42  Widow Mine x2, Medivac x2  
  161  10:49  Marine x3  
  152  10:54  Marauder x2  
  150  10:57  Marine  
  150  10:59  Ghost  
  150  11:00  SCV x3  
  152  11:13  Viking x2  
  152  11:17  Barracks  
  156  11:18  SCV x2  
  156  11:19  SCV  
  156  11:22  Barracks x2  
  156  11:24  Command Center  
  156  11:25  Marine x4  
  163  11:26  Marauder x2  
  163  11:28  Widow Mine x2  
  171  11:36  Marauder  
  173  11:40  Terran Infantry Weapons Level 3, Terran Infantry Armor Level 3  
  173  11:42  SCV x3  
  176  11:48  Marine x4  
  176  11:49  Medivac x2  
  184  11:54  SCV x2  
  184  11:55  SCV  
  187  12:06  Barracks Tech Lab  
  167  12:11  SCV x2  
  169  12:16  Marine x4  
  169  12:17  Marauder  
  169  12:18  Marauder x2  
  169  12:20  Marine, Marauder  
  175  12:24  Medivac x2  
  175  12:25  Widow Mine x2  
  168  12:34  Marine x2  
  168  12:36  Marine x2  
  164  12:39  Marauder  
  164  12:43  Ghost x3  
  164  12:44  Marine x2  
  151  12:48  SCV x3  
  148  12:54  Marine  
  148  12:55  Marine x2  
  148  12:57  Widow Mine x2, Medivac x2  
  155  13:03  Ghost  
  155  13:04  Marine  
  157  13:05  Barracks Reactor  
  157  13:08  Marauder  
  159  13:14  Ghost  
  142  13:22  Marauder  
  142  13:25  Marauder, Marine x2  
  142  13:26  Marine x2  
  147  13:30  Marauder  
  147  13:32  Ghost  
  149  13:47  Marine x2  
  149  13:48  Marauder x3  
  135  13:49  Marine  
  135  13:50  Marine x2  
  135  13:52  Marine  
Tags
 
Add a new tag
Caveats
  • Supply blocks, unpowered buildings, or Contaminate may cause inaccurate times.
  • Supply counts are checked every 10 seconds.